AoeStats
← QUEVEDO

African Clearing

510844455Analyzed
4v4 RM · 6h ago on Oct 2, 2026· 55m 53s· 8 players
Game mode
Random Map
Map size
Large (8 player)
Population
200
Speed
Normal
Resources
Standard
Victory
Conquest
Starting age
Dark Age
Ending age
Imperial Age
RankedLock teamsTeams togetherTeam positionsShared explorationLock speedFull tech treeHidden civsTurbo modeCheats
Victory
Defeat
🇺🇸 Japanese · United States
1101
+17
🇬🇧 Maya · United Kingdom
1080
+18
🇪🇸 Chinese · Spain
1076
+18
🇪🇸 Celts · Spain
1076
+18
🇬🇧 Cumans · United Kingdom
1139
-18
🇮🇳 Vietnamese · India
1128
-18
1119
-18
🇮🇳 Saxons · India
1110
-17
Clark_Kent__
3:23 Loom
14:01 Feudal Age
18:08 Castle Age
15:58 Horse Collar
16:35 Double-Bit Axe
17:45 Scale Barding Armor
18:58 Bloodlines
19:36 Bow Saw
23:02 Bloodlines
25:26 Wheelbarrow
24:36 Town Watch
27:59 Hand Cart
28:00 Gold Mining
30:23 Gold Shaft Mining
32:14 Stone Mining
35:13 Imperial Age
32:46 Fletching
32:57 Padded Archer Armor
34:22 Stone Shaft Mining
33:44 Bodkin Arrow
34:24 Leather Archer Armor
35:18 Town Patrol
35:31 Forging
35:21 Scale Mail Armor
35:48 Ballistics
36:34 Conscription
37:31 Two-Man Saw
36:34 Bracer
37:35 Chemistry
36:46 Masonry
37:27 Capped Ram
38:59 Ring Archer Armor
40:10 Thumb Ring
40:04 Murder Holes
40:19 Fortified Wall
40:32 Heavy Plow
40:34 Scale Mail Armor
39:55 Pikeman
40:36 Squires
40:47 Elite Chu Ko Nu
41:43 Siege Ram
44:48 Architecture
46:00 Rocketry
50:50 Man-at-Arms
50:50 Halberdier
53:39 Long Swordsman
55:28 Forging
55:33 Chain Mail Armor
55:06 Two-Handed Swordsman
StuRat
11:18 Loom
13:04 Feudal Age
18:24 Castle Age
17:57 Double-Bit Axe
17:55 Horse Collar
18:13 Stone Mining
25:12 Fletching
25:55 Bodkin Arrow
26:31 Padded Archer Armor
27:49 Wheelbarrow
28:13 Leather Archer Armor
30:24 Ballistics
30:19 Gold Mining
35:01 Imperial Age
34:25 Hand Cart
33:55 Town Watch
35:54 Bracer
36:30 Conscription
38:00 Bow Saw
37:54 Heavy Plow
39:20 Chemistry
38:54 Ring Archer Armor
39:47 Elite Plumed Archer
40:51 Capped Ram
42:05 Siege Ram
49:10 Holcans
48:44 Scale Mail Armor
48:55 Forging
48:48 Caravan
53:39 Hul'che Javelineers
55:22 Town Patrol
QUEVEDO
11:48 Loom
16:36 Feudal Age
16:42 Feudal Age
17:14 Man-at-Arms
19:37 Fletching
35:34 Castle Age
34:53 Double-Bit Axe
48:51 Wheelbarrow
50:01 Gold Mining
scott.hurstell
6:22 Loom
16:14 Feudal Age
22:12 Castle Age
22:47 Double-Bit Axe
22:44 Horse Collar
24:13 Heavy Plow
24:28 Bow Saw
32:27 Wheelbarrow
33:46 Forging
33:37 Squires
34:15 Scale Mail Armor
38:57 Imperial Age
39:20 Iron Casting
39:00 Chain Mail Armor
40:38 Conscription
41:36 Arson
41:55 Stone Mining
42:00 Gold Mining
44:34 Blast Furnace
44:04 Plate Mail Armor
43:47 Fletching
44:35 Gold Shaft Mining
54:18 Kataparuto
53:20 Elite Samurai
jorvikshungite
4:07 Loom
14:01 Feudal Age
14:34 Double-Bit Axe
19:27 Wheelbarrow
23:10 Castle Age
22:39 Horse Collar
23:12 Bloodlines
23:12 Scale Barding Armor
24:56 Forging
29:02 Iron Casting
29:58 Gold Mining
30:32 Bow Saw
30:17 Fletching
31:11 Chain Barding Armor
32:34 Stone Mining
33:25 Town Watch
33:24 Capped Ram
39:23 Imperial Age
38:26 Heavy Plow
39:50 Padded Archer Armor
39:47 Bodkin Arrow
39:26 Elite Skirmisher
39:34 Cavalier
42:11 Leather Archer Armor
43:28 Ring Archer Armor
43:30 Conscription
44:16 Ballistics
45:47 Imperial Skirmisher
Blackwarlock07
7:37 Loom
14:57 Feudal Age
19:32 Castle Age
18:15 Fletching
19:04 Double-Bit Axe
20:49 Pikeman
25:42 Forging
25:22 Arson
29:27 Squires
29:04 Elite Skirmisher
メHANSメ
7:45 Loom
14:32 Feudal Age
15:37 Double-Bit Axe
18:28 Castle Age
19:19 Bow Saw
20:21 Town Watch
23:15 Horse Collar
25:08 Wheelbarrow
26:07 Stone Mining
26:37 Fletching
29:07 Hand Cart
29:22 Ballistics
28:59 Bodkin Arrow
29:37 Treadmill Crane
34:33 Imperial Age
33:26 Gold Mining
34:07 Guard Tower
35:17 Squires
35:03 Gambesons
35:08 Arson
35:31 Elite Hearth Troop
36:14 Scale Mail Armor
36:24 Forging
37:14 Chain Mail Armor
37:58 Bracer
38:15 Masonry
40:18 Plate Mail Armor
40:35 Gold Shaft Mining
40:20 Heavy Plow
41:50 Chemistry
41:36 Elite Varangian Guard
42:42 Conscription
41:49 Shield Wall
43:24 Forging
46:23 Two-Man Saw
47:51 Iron Casting
49:40 Architecture
49:56 Hoardings
50:08 Scale Barding Armor
☆ CRF ☆ TETRACAMPEÃO 🏆
5:37 Loom
15:21 Feudal Age
16:04 Town Watch
20:02 Fletching
28:36 Castle Age
29:49 Bodkin Arrow
35:26 Double-Bit Axe
35:29 Horse Collar
47:38 Imperial Age
46:53 Ballistics
47:06 Padded Archer Armor
50:11 Elite Genitour
52:27 Leather Archer Armor
53:52 Thumb Ring
54:54 Ring Archer Armor
54:24 Bracer
Connection lost

Rejoining the realm…

Still unreachable

The connection could not be restored.

Session expired

The server has moved on; the page needs a fresh start.